 Dungeon Crawl Stone Soup version 0.27-a0-1149-g4505690ab0 (webtiles) character file.

Game seed: 5162604352889292861

463 robertstho the Magician (level 7, -2/46 HPs)
             Began as a Djinni Fire Elementalist on May 13, 2021.
             Killed from afar by Dowan (20 damage)
             ... with a shard of ice
             ... on level 4 of the Dungeon.
             The game lasted 00:06:28 (4433 turns).

robertstho the Magician (Djinni Fire Elementalist)  Turns: 4433, Time: 00:06:28

Health: -2/46      AC:  3    Str: 13    XL:     7   Next: 29%
Gold:   924        EV: 12    Int: 18    God:
                   SH:  0    Dex: 14

rFire    + + +     SeeInvis .   b - staff of fire
rCold    x . .     Faith    .   (no shield)
rNeg     . . .     Spirit   .   a - +0 robe
rPois    ∞         Reflect  .   k - +0 helmet
rElec    .         Harm     .   (no cloak)
rCorr    .         Rampage  .   (no gloves)
Will     .....                  (boots unavailable)
Stlth    ++........             (no amulet)
HPRegen  0.15/turn              i - ring of wizardry
MPRegen  0.00/turn              l - +6 ring of strength

@: flying
A: sickness immunity, fire resistance 2, cold vulnerability 1, float, innate
caster, hp casting, extra vitality 1
a: no special abilities


You were on level 4 of the Dungeon.
You visited 1 branch of the dungeon, and saw 4 of its levels.

You collected 924 gold pieces.

Inventory:

Hand Weapons
 f - a +3 dagger
Armour
 a - a +0 robe (worn)
 k - a +0 helmet (worn)
Magical Staves
 b - a staff of fire (weapon)
Jewellery
 i - a ring of wizardry (left hand)
 l - a +6 ring of strength (right hand)
Scrolls
 c - a scroll of magic mapping
 e - a scroll of blinking
 g - a scroll of fear
Potions
 h - 2 potions of flight


   Skills:
 + Level 0.5 Fighting
 + Level 2.7 Dodging
 + Level 2.9 Stealth
 + Level 5.4 Spellcasting


You couldn't memorise any spells.
You knew the following spells:

 Your Spells              Type           Power      Damage    Failure   Level
a - Foxfire               Conj/Fire      100%       2x1d9     1%          1
b - Conjure Flame         Conj/Fire      36%        6-21      1%          3
c - Inner Flame           Hex/Fire       36%        N/A       1%          3
d - Sticky Flame          Conj/Fire      36%        2d6       6%          4
e - Fireball              Conj/Fire      18%        3d9       16%         5
f - Summon Small Mammal   Summ           96%        N/A       1%          1
g - Ensorcelled Hibernat  Hex/Ice        48%        N/A       1%          2
h - Passwall              Tmut/Erth      20%        N/A       1%          2
Your spell library was empty.

Dungeon Overview and Level Annotations

Branches:
Dungeon (4/15)
 Temple: D:4-7

Altars:
Wu Jian
Beogh

Annotations:
D:4 Dowan


Innate Abilities, Weirdness & Mutations

You are immune to sickness and miasma.
You are immune to poison.
Your flesh is very heat resistant. (rF++)
You are vulnerable to cold. (rC-)
You float through the air rather than walking.
You learn spells naturally, not from books.
Your magical power is your life essence.
You have superior vitality. (+4 HP)


Message History

You feel a surge of power!
The fireball explodes!
The fireball engulfs Duvessa!
You kill Duvessa!
Dowan seems overcome with grief, but rights himself reflexively soon after.
Dowan seems to find hidden reserves of power!
Casting: Fireball (quite dangerous; 16% risk of failure)
Confirm with . or Enter, or press ? or * to list all spells.
You feel a surge of power!
The fire begins to smoulder!
The fire ignites!
Dowan mumbles some strange words.
Dowan blinks!
Casting: Conjure Flame (safe; 1% risk of failure)
Confirm with . or Enter, or press ? or * to list all spells.
You feel a surge of power!
The fire begins to smoulder!
Dowan casts a spell.
Dowan blinks!
The fire ignites!
A hobgoblin comes into view.
Casting: Conjure Flame (safe; 1% risk of failure)
Confirm with . or Enter, or press ? or * to list all spells.
Aiming: Sticky Flame (dangerous; 6% risk of failure)
Press: ? - help, Shift-Dir - straight line, f - hobgoblin
Aim: a hobgoblin (wandering, hasn't noticed you, 100% to hit)
You feel a surge of power!
The sticky flame hits the hobgoblin!
You kill the hobgoblin!
Unknown command.
Dowan shakes with grief.
Dowan casts a spell at you. The stone arrow hits you.
Casting: Sticky Flame (dangerous; 6% risk of failure)
Confirm with . or Enter, or press ? or * to list all spells.
Aiming: Sticky Flame (dangerous; 6% risk of failure)
Press: ? - help, Shift-Dir - straight line, f - Dowan
Aim: Dowan, wielding a +0 dagger and wearing a +0 robe (fast, 100% to hit)
You feel a surge of power!
The sticky flame hits Dowan!
Dowan is moderately wounded.
Dowan is covered in liquid flames!
Dowan burns!
Dowan hits you but does no damage.
Dowan burns!
Dowan gestures at you while chanting. The shard of ice hits you!!
You feel a painful chill!
You die...

#...###### #.#
#...#....# #e#
#...#....# #.#
#...#....# #.#
##'##....# #.#
#..'...<# #.#
####....# #.#
##########.#
#...!@e....#
......########
..... .... ...
.. .


You could see Dowan (fast, burning).

Vanquished Creatures
  Duvessa (D:4)
  An orc warrior (D:3)
  A water moccasin skeleton (D:4)
  4 orc priests (D:3)
  2 iguanas
  4 orcs (D:3)
  5 bats
  4 endoplasms
  3 giant cockroaches
  4 goblins
  4 hobgoblins
  4 jackals (D:1)
  11 kobolds
  A quokka (D:2)
  12 ball pythons
  4 frilled lizards
  3 rats
68 creatures vanquished.

Vanquished Creatures (others)
  302 foxfires
  2 plants (D:1)
304 creatures vanquished.

Grand Total: 372 creatures vanquished

Notes
Turn   | Place    | Note
-------+----------+-------------------------------------------
     0 | D:1      | robertstho the Djinni Fire Elementalist began the quest for
                  | the Orb.
     0 | D:1      | Reached XP level 1. HP: 15/15 MP: 0/0
   224 | D:1      | Reached XP level 2. HP: 18/21 MP: 0/0
   467 | D:1      | Reached skill level 3 in Spellcasting
   528 | D:1      | Found a faded altar of an unknown god.
   580 | D:1      | Reached XP level 3. HP: 23/25 MP: 0/0
   580 | D:1      | Learned a level 1 spell: Summon Small Mammal
  2469 | D:2      | Reached XP level 4. HP: 29/31 MP: 0/0
  2979 | D:3      | Noticed an orc warrior
  2992 | D:3      | Killed an orc warrior
  2993 | D:3      | Reached skill level 4 in Spellcasting
  2993 | D:3      | Reached XP level 5. HP: 26/35 MP: 0/0
  2993 | D:3      | Learned a level 2 spell: Ensorcelled Hibernation
  3362 | D:3      | Found an ornate altar of the Wu Jian Council.
  3410 | D:3      | Reached XP level 6. HP: 36/40 MP: 0/0
  3675 | D:3      | Identified a scroll of acquirement
  3675 | D:3      | Acquired 731 gold pieces
  4158 | D:4      | Identified the +2 scale mail of the Unseen Realm {Str+5}
  4188 | D:4      | Reached skill level 5 in Spellcasting
  4188 | D:4      | Reached XP level 7. HP: 36/46 MP: 0/0
  4188 | D:4      | Learned a level 2 spell: Passwall
  4375 | D:4      | Noticed Duvessa
  4375 | D:4      | Noticed Dowan
  4397 | D:4      | Killed Duvessa
  4433 | D:4      | Killed from afar by Dowan

Illustrated notes

Levels and vault maps discovered:
D:1:      beargit_arrival_greenhouse, layout_basic, basic_ecumenical_altar,
          minmay_shallow_snake_nest
D:2:      layout_basic, minmay_tromino_v4_b
D:3:      layout_rooms, nicolae_wu_jian_wuxing_cycle, kennysheep_orc_chapel
D:4:      layout_basic, fedhas_altar_2, serial_corexii_hall,
          corexii_hall_statues_i, corexii_hall_statues_x, uniq_grinder,
          uniq_duvessa

Skill      XL: |  1  2  3  4  5  6 |
---------------+-------------------+-----
Spellcasting   | 3 4 5 |  5.4
Stealth        | 2 |  2.9
Fighting       | |  0.5
Dodging        | |  2.7

Action                   |  1- 3 |  4- 6 |  7- 9 || total
-------------------------+-------+-------+-------++-------
 Cast: Foxfire           |   102 |    84 |     9 ||   195
       Sticky Flame      |       |       |     3 ||     3
       Fireball          |       |       |     2 ||     2
       Conjure Flame     |       |       |     2 ||     2
  Use: Scroll            |       |     5 |       ||     5
       Potion            |       |     2 |       ||     2
Armor: Robe              |     1 |       |     1 ||     2
Dodge: Dodged            |     2 |     5 |     2 ||     9

Table legend: (Time is in decaauts)
 A = Elapsed time spent in this place.
 B = Non-inter-level travel time spent in this place.
 C = Inter-level travel time spent in this place.
 D = Time resting spent in this place.
 E = Time spent auto-exploring this place.
 F = Levels seen in this place.
 G = Mean time per level.
                   A        B        C        D        E       F      G
               +--------+--------+--------+--------+--------+-----+--------+
         Total |   4430 |   4308 |    122 |    264 |   3601 |   4 | 1107.5 |
       Dungeon |   4430 |   4308 |    122 |    264 |   3601 |   4 | 1107.5 |
               +--------+--------+--------+--------+--------+-----+--------+

Top non-repeatable levels by time:
     D:1: 1449 daAuts
     D:2: 1360 daAuts
     D:3: 1302 daAuts
     D:4: 317 daAuts
